AoeStats
← Julix

Glade

510481427Analyzed
1v1 RM · 21h ago on Oct 1, 2026· 34m 7s· 2 players
Game mode
Random Map
Map size
Tiny (2 player)
Population
200
Speed
Normal
Resources
Standard
Victory
Conquest
Starting age
Dark Age
Ending age
Imperial Age
RankedLock teamsTeams togetherTeam positionsShared explorationLock speedFull tech treeHidden civsTurbo modeCheats
Victory
Defeat
🇦🇷 Portuguese · Argentina
1566
+13
🇹🇼 Portuguese · Taiwan
1490
-13
Julix
11:25 Feudal Age
16:48 Castle Age
14:35 Double-Bit Axe
14:47 Horse Collar
18:14 Bow Saw
18:06 Fletching
22:27 Wheelbarrow
23:14 Bodkin Arrow
26:05 Heavy Plow
30:16 Hand Cart
29:50 Town Watch
32:38 Imperial Age
30:26 Hand Cart
32:08 Gold Mining
32:39 Circumnavigation
32:49 Capped Ram
Alvice Gritti
1:41 Loom
9:45 Feudal Age
10:15 Town Watch
17:39 Castle Age
26:22 Imperial Age
24:56 Fortified Wall
28:20 Chemistry
31:08 Town Patrol
30:55 Double-Bit Axe
32:17 Wheelbarrow
33:39 Hand Cart
34:22 Bow Saw
Connection lost

Rejoining the realm…

Still unreachable

The connection could not be restored.

Session expired

The server has moved on; the page needs a fresh start.